 Dungeon Crawl Stone Soup version 0.16-a0-357-g0c033bd (webtiles) character file.

46 PolkaDot the Caller (level 3, -2/24 HPs)
             Began as a Vampire Summoner on Sept 10, 2014.
             Slain by a gnoll (6 damage)
             ... on Level 2 of the Dungeon.
             The game lasted 00:04:11 (1432 turns).

PolkaDot the Caller (Vampire Summoner)              Turns: 1432, Time: 00:04:12

HP  -2/24        AC  2     Str  7      XL: 3   Next: 46%
MP   3/6         EV 12     Int 18      God:
Gold 32          SH  0     Dex 14      Spells:  3 memorised,  0 levels left

rFire  . . .     SeeInvis +     f - +0 dagger
rCold  . . .     Clarity  .     a - +0 robe
rNeg   . . .     rCorr    .     (no shield)
rPois  .         rRot     .     (no helmet)
rElec  .         Spirit   .     (no cloak)
SustAb .         Warding  .     (no gloves)
rMut   .         Stasis   .     (no boots)
Gourm  .                        (no amulet)
MR     .....                    (no ring)
                                (no ring)

@: regenerating quickly, not resistant to hostile enchantments, unstealthy
A: fangs 3, see invisible, unbreathing
a: no special abilities


You were on level 2 of the Dungeon.
You were full.

You visited 1 branch of the dungeon, and saw 2 of its levels.

You collected 32 gold pieces.

Inventory:

Hand weapons
 f - a +0 dagger (weapon)
Armour
 a - a +0 robe (worn)
Scrolls
 e - a scroll of remove curse {unknown}
 g - a scroll of random uselessness {unknown}
 h - a scroll of blinking {unknown}
Books
 b - a book of Callings

   Spells                             Type                      Level
   *Summon Small Mammal               Summoning                    1
   *Call Imp                          Summoning                    2
   *Call Canine Familiar              Summoning                    3
   Summon Guardian Golem              Hexes/Summoning              4
   Summon Lightning Spire             Summoning/Air                4
   Summon Ice Beast                   Ice/Summoning                4


   Skills:
 - Level 2.1 Dodging
 - Level 3.0 Stealth
 - Level 2.0 Spellcasting
 * Level 5.3 Summonings


You couldn't memorise any spells.
You knew the following spells:

 Your Spells              Type           Power        Failure   Level  Hunger
a - Summon Small Mammal   Summ           ###.         1%          1    #......
d - Call Canine Familiar  Summ           ###.....     10%         3    ####...
s - Call Imp              Summ           ###.....     3%          2    ##.....


Dungeon Overview and Level Annotations

Branches:
Dungeon (2/15)

Altars:


Innate Abilities, Weirdness & Mutations

Your natural rate of healing is unusually fast.
You have razor-sharp teeth.
You have supernaturally acute eyesight.
You can survive without breathing.


Message History

The gnoll is almost dead.
Your hound bites the gnoll.
The gnoll dies!
The gnoll barely misses you.
You aren't carrying any potions.
Read which item? (? for menu, Esc to quit)
As you read the scroll labeled JIOMME QEOG, it crumbles to dust.
It is a scroll of recharging.
You aren't carrying any rechargeable items.
The gnoll hits you.
* * * LOW HITPOINT WARNING * * *
Your hound completely misses the gnoll.
You aren't carrying any items that can be evoked.
You swap places.
Your hound bites the gnoll.
The gnoll closely misses you.
You see here a whip.
Your hound barely misses the gnoll. x2
You hit the gnoll but do no damage.
The gnoll is heavily wounded.
Your hound barely misses the gnoll.
The gnoll hits you.
You die...

#.......#
#.#
#.#.#....
#.#
.#.....#
#.#
#.#.###
#.# ##
... #.#
.. #g# .#
#.# .#
#g##.#
#hg@.#
####.# ##


You could see a gnoll, a hobgoblin and a friendly hound.

Vanquished Creatures
  A gnoll (D:2)
  A giant mite (D:1)
  2 giant cockroaches (D:1)
  5 hobgoblins (D:1)
  A jackal (D:1)
  An ooze (D:1)
  2 bats (D:1)
  A giant newt (D:1)
  4 goblins (D:1)
  2 kobolds (D:1)
  A rat (D:1)
21 creatures vanquished.

Vanquished Creatures (collateral kills)
  A gnoll (D:2)
  An ooze (D:1)
  A giant gecko (D:1)
  A jackal (D:1)
  A bat (D:1)
5 creatures vanquished.

Vanquished Creatures (others)
  A hound (D:2)
1 creature vanquished.

Grand Total: 27 creatures vanquished

Notes
Turn   | Place    | Note
--------------------------------------------------------------
     0 | D:1      | PolkaDot, the Vampire Summoner, began the quest for the Orb.
     0 | D:1      | Reached XP level 1. HP: 13/13 MP: 3/3
   638 | D:1      | Reached XP level 2. HP: 14/19 MP: 4/4
   645 | D:1      | Learned a level 2 spell: Call Imp
  1218 | D:1      | Reached skill level 5 in Summonings
  1218 | D:1      | Reached XP level 3. HP: 21/24 MP: 6/6
  1370 | D:1      | Learned a level 3 spell: Call Canine Familiar
  1432 | D:2      | Slain by a gnoll

Action                   || total
-------------------------++-------
Melee: Unarmed           ||    54
       Dagger            ||    65
Throw: Throwing net      ||     6
 Cast: Summon Small Mamm ||    10
       Call Imp          ||     4
       Call Canine Famil ||     2
  Use: Potion            ||     3
       Scroll            ||     1
 Stab: Sleeping          ||     2
       Held in net/web   ||     3
  Eat: Corpse            ||     6
